 Dungeon Crawl Stone Soup version 0.29-a0-96-g93358da72b (webtiles) character file.

Game seed: 16587689822385761284

3 enile the Gusty (level 1, 0/15 HPs)
             Began as a Demigod Air Elementalist on Feb 12, 2022.
             Slain by an adder (2 damage)
             ... on level 2 of the Dungeon.
             The game lasted 00:00:26 (327 turns).

enile the Gusty (Demigod Air Elementalist)           Turns: 327, Time: 00:00:26

Health: 0/15       AC:  2    Str:  9    XL:     1   Next: 33%
Magic:  2/5        EV: 12    Int: 17    God:
Gold:   12         SH:  0    Dex: 14    Spells: 2/3 levels left

rFire   . . .      SeeInvis .   (no weapon)
rCold   . . .      Faith    .   (no shield)
rNeg    . . .      Spirit   .   a - +0 robe
rPois   .          Reflect  .   (no helmet)
rElec   .          Harm     .   (no cloak)
rCorr   .          Rampage  .   (no gloves)
Will    .....                   (no boots)
Stlth   ++........              e - amulet of magic regeneration
HPRegen 0.05/turn               (no ring)
MPRegen 0.09/turn               (no ring)

@: lethally poisoned (0 -> -2)
A: high MP 1, forlorn, divine attributes
a: no special abilities


You were on level 2 of the Dungeon.
You visited 1 branch of the dungeon, and saw 2 of its levels.

You collected 12 gold pieces.

Inventory:

Armour
 a - a +0 robe (worn)
Jewellery
 e - an amulet of magic regeneration (around neck)
Scrolls
 d - a scroll of identify {unknown}
Potions
 b - a potion of flight {unknown}
 c - a potion of berserk rage {unknown}


   Skills:
 + Level 0.8 Fighting
 - Level 1.7 Dodging
 - Level 1.7 Stealth
 - Level 1.7 Spellcasting
 - Level 0.8 Conjurations
 - Level 2.6 Air Magic


You had 2 spell levels left.
You knew the following spells:

 Your Spells              Type           Power      Damage    Failure   Level
a - Shock                 Conj/Air       28%        1d4       10%         1

Your spell library contained the following spells:

 Spells                   Type           Power      Damage    Failure   Level
 Static Discharge         Conj/Air       7%         N/A       14%         2
 Swiftness                Air            10%        N/A       21%         3
 Airstrike                Air            5%         N/A       54%         4


Dungeon Overview and Level Annotations

Branches:
Dungeon (1/15)


Innate Abilities, Weirdness & Mutations

You have an increased reservoir of magic. (+10% MP)
You shall have no god before yourself.
Your divine heritage dramatically boosts your attributes as you level up.


Message History

You finish putting on your amulet of magic regeneration.
The amulet cannot attune itself to your exhausted body.
e - an amulet of magic regeneration (around neck)
A kobold comes into view. It is wielding a +0 short sword.
A kobold comes into view. It is wielding a +0 club.
Found 13 gold pieces.
A bat comes into view.
Found a scroll labelled NEDIDEAXEX.
The kobold shouts!
The bat moves out of view.
An adder comes into view.
The kobold throws a stone.
The stone hits you but does no damage.
Really walk into that dispersal trap?
You enter a dispersal trap!
The kobold blinks!
The worm blinks! x2
The kobold blinks!
The adder blinks!
The worm blinks!
You blink.
A ball python comes into view.
Found a ring mail.
Okay, then.
Found a mace.
The ball python hisses angrily.
The kobold enters a dispersal trap!
The kobold blinks!
The adder blinks!
You blink.
An endoplasm comes into view.
Found 24 stones.
Found a stone staircase leading up.
The adder bites you.
You are poisoned.
The adder poisons you!
You feel sick. The ball python barely misses you.
The ball python closely misses you. The ball python bites you.
The ball python grabs you. The ball python constricts you.
The adder misses you.
You escape the ball python's grasp.
You feel sick. The worm bites you.
* * * LOW HITPOINT WARNING * * *
* * * LOW HITPOINT WARNING * * *
You feel sick.
* * * LOW HITPOINT WARNING * * *
You feel sick.
There is a stone staircase leading up here.
* * * LOW HITPOINT WARNING * * *
You feel sick. The adder bites you.
You die...

...........#
...........#
#..........#
#..........#
#.....)..[.#
#..(....J..#
...##.......S..#
?..#.......wS@#
#....###K.#####
#§§..#...##
#....#.###
####....#.#
#.......§.#
#....K## #.$...#
####..#


You could see a worm, an adder, an endoplasm, a ball python and a kobold.

Vanquished Creatures
  2 goblins
  A ball python (D:1)
3 creatures vanquished.

Notes
Turn   | Place    | Note
-------+----------+-------------------------------------------
     0 | D:1      | enile the Demigod Air Elementalist began the quest for the
                  | Orb.
     0 | D:1      | Reached XP level 1. HP: 14/14 MP: 5/5
   302 | D:1      | You fall into a shaft and drop 1 floor!
   327 | D:2      | Slain by an adder

Illustrated notes

Levels and vault maps discovered:
D:1:      dpeg_arrival_arbitrary_c, layout_loops_ring,
          dreamdust_ecumenical_altar_sealed_demon, minmay_pentomino_q2
D:2:      layout_rooms, basic_altar, uniq_terence, uniq_sigmund, uniq_natasha

Action                   || total
-------------------------++-------
 Cast: Shock             ||     8
Armor: Robe              ||     1
Dodge: Dodged            ||     3

Table legend: (Time is in decaauts)
 A = Elapsed time spent in this place.
 B = Non-inter-level travel time spent in this place.
 C = Inter-level travel time spent in this place.
 D = Time resting spent in this place.
 E = Time spent auto-exploring this place.
 F = Levels seen in this place.
 G = Mean time per level.
                   A        B        C        D        E       F      G
               +--------+--------+--------+--------+--------+-----+--------+
         Total |    326 |    326 |      0 |      0 |    284 |   2 |  163.0 |
       Dungeon |    326 |    326 |      0 |      0 |    284 |   2 |  163.0 |
               +--------+--------+--------+--------+--------+-----+--------+

Top non-repeatable levels by time:
     D:1: 302 daAuts
     D:2: 24 daAuts
